Map: Romanticide LE

Players

SpeCial

  • Race: Terran Terran
  • League: Master

DPGCure (Cure) - Winner!

  • Race: Terran Terran
  • League: Master

Event: TSL 7

VOD

Have the link to the VOD?

Description

Time

  • Played on: June 12, 2021, 10:06 a.m.
  • Length: 22:32

All games in this series

Show
View Real Time Build Order
Export as new Build Order

SpeCial Terran 

Build Orders:  

Get SALT Encoding   

  12  0:00  SCV  
  13  0:12  SCV  
  14  0:17  Supply Depot  
  14  0:24  SCV  
  15  0:39  SCV  
  15  0:41  Barracks  
  16  0:43  Refinery  
  16  0:51  SCV  
  16  0:53  Refinery  
  17  1:03  SCV  
  18  1:15  SCV  
  19  1:27  Orbital Command  
  19  1:28  Reaper  
  19  1:29  Supply Depot  
  20  1:42  Factory  
  20  1:54  SCV  
  21  2:00  Reaper  
  22  2:06  SCV  
  23  2:18  SCV  
  23  2:22  Command Center  
  24  2:29  Hellion  
  26  2:30  SCV  
  26  2:34  Reaper  
  28  2:38  Supply Depot  
  28  2:42  SCV  
  29  2:50  Hellion  
  31  2:55  Starport  
  31  3:00  SCV  
  32  3:10  Barracks Reactor  
  32  3:12  Factory Tech Lab  
  32  3:13  SCV  
  33  3:21  Refinery  
  33  3:25  SCV  
  34  3:32  Cyclone, Starport Tech Lab  
  37  3:35  Orbital Command  
  37  3:37  SCV  
  38  3:46  Marine  
  38  3:47  Marine  
  40  3:50  SCV  
  40  3:51  Raven  
  43  4:02  SCV x2  
  45  4:14  SCV, Command Center  
  45  4:15  SCV  
  47  4:19  Supply Depot  
  47  4:25  Marine x2  
  47  4:26  SCV  
  47  4:27  SCV  
  54  4:31  Siege Tank  
  54  4:41  SCV x2, Raven  
  58  4:47  Supply Depot  
  58  4:48  Marine x2  
  60  4:53  SCV x2  
  62  5:08  SCV x2, Marine x2, Siege Tank  
  62  5:11  Supply Depot  
  69  5:20  SCV  
  70  5:26  SCV, Barracks, Raven  
  70  5:27  Orbital Command  
  73  5:30  Barracks  
  73  5:33  SCV  
  73  5:35  Marine x2  
  76  5:38  SCV  
  76  5:39  Refinery  
  76  5:40  Siege Tank  
  80  5:46  SCV  
  80  5:48  Engineering Bay  
  80  5:49  Engineering Bay  
  81  5:51  SCV  
  81  5:54  Supply Depot  
  81  5:55  SCV  
  83  5:58  SCV  
  84  6:06  SCV  
  84  6:07  SCV  
  86  6:13  SCV, Siege Tank  
  86  6:17  Viking x2  
  86  6:18  SCV, Marine  
  94  6:21  SCV  
  94  6:22  Terran Infantry Weapons Level 1  
  94  6:25  Barracks Reactor x2  
  96  6:27  Missile Turret  
  96  6:29  SCV  
  96  6:30  SCV  
  96  6:31  Supply Depot  
  98  6:36  Barracks  
  97  6:41  SCV x2  
  97  6:47  Viking  
  101  6:50  Sensor Tower  
  101  6:52  Viking  
  101  6:53  SCV x2  
  105  6:54  SCV  
  105  6:58  Stimpack  
  104  7:05  SCV x2  
  104  7:06  Supply Depot  
  104  7:07  Terran Infantry Armor Level 1, Supply Depot  
  104  7:08  SCV  
  107  7:13  Marine x2  
  109  7:24  Refinery  
  109  7:26  Barracks Reactor, Refinery  
  109  7:28  SCV x2, Marine x2, Siege Tank  
  116  7:35  Viking x2  
  116  7:36  SCV  
  121  7:40  Marine x2  
  121  7:43  Marine  
  124  7:44  Refinery  
  124  7:46  Supply Depot  
  123  7:52  SCV  
  123  7:53  SCV  
  123  7:55  Supply Depot  
  125  7:59  Barracks  
  125  8:00  Armory  
  125  8:03  Supply Depot  
  125  8:07  SCV, Marine x3  
  125  8:09  Marine x4  
  125  8:11  Siege Tank  
  136  8:14  Medivac x2  
  139  8:25  SCV  
  139  8:27  Marine x2  
  139  8:30  SCV  
  142  8:34  Marine x2  
  142  8:35  Marine x2  
  142  8:38  Marine  
  147  8:42  Combat Shield  
  147  8:43  Command Center  
  147  8:44  Marine  
  147  8:45  Marine  
  149  8:49  Siege Tank  
  149  8:52  Marine x3  
  149  8:53  Barracks Reactor  
  149  8:55  Medivac  
  156  8:56  Marine  
  156  8:58  Terran Infantry Weapons Level 2  
  157  9:02  Marine  
  157  9:04  Medivac  
  157  9:05  Marine  
  153  9:10  Marine x4  
  157  9:20  Command Center  
  157  9:25  Terran Vehicle Weapons Level 1  
  157  9:26  Terran Infantry Armor Level 2, Supply Depot  
  157  9:41  Marine x2  
  157  9:47  Marine x3, Viking, Siege Tank  
  157  9:52  Marine x2  
  165  9:53  Marine  
  165  9:54  Marine  
  165  9:55  Viking  
  165  9:59  Marine x2  
  163  10:04  Factory  
  163  10:05  Marine x2  
  163  10:07  Marine  
  165  10:09  Marine  
  165  10:10  Marine  
  165  10:11  Marine x2  
  155  10:17  Marine x2  
  155  10:19  Siege Tank  
  160  10:23  Marine x2  
  160  10:24  Marine  
  160  10:27  Viking  
  165  10:31  Marine x3, Viking, Supply Depot  
  165  10:32  Supply Depot  
  165  10:35  Marine x2  
  173  10:36  Sensor Tower  
  173  10:37  SCV x2  
  173  10:41  Marine x2  
  173  10:42  Marine  
  176  10:48  Barracks Reactor  
  176  10:49  Marine x3  
  180  10:51  Planetary Fortress  
  180  10:52  Marine x2  
  182  10:58  Marine x2, Siege Tank  
  182  11:00  Marine  
  182  11:02  Medivac  
  182  11:03  Medivac  
  192  11:09  Marine x3  
  192  11:10  Marine  
  196  11:13  Marine  
  196  11:16  Marine x2  
  196  11:20  Terran Infantry Weapons Level 3  
  196  11:24  Marine  
  186  11:27  Marine x3  
  186  11:29  Marine x2  
  186  11:30  Marine, Siege Tank  
  186  11:31  Marine  
  186  11:32  Viking  
  187  11:33  Viking  
  187  11:38  Starport  
  187  11:40  Marine x2  
  187  11:41  Marine  
  190  11:47  Marine x2  
  190  11:50  Marine  
  190  11:53  Siege Tank  
  186  12:01  Starport  
  186  12:03  Marine x2  
  186  12:04  Terran Infantry Armor Level 3  
  186  12:05  Marine  
  192  12:08  Refinery x2, Marine x2  
  192  12:09  Marine  
  192  12:14  Marine  
  196  12:24  Marine, Command Center  
  196  12:25  Starport Reactor  
  196  12:44  Starport Reactor  
  196  12:46  Starport Tech Lab, Fusion Core  
  196  12:47  Starport Tech Lab  
  196  12:50  Marine x2, Viking  
  196  12:51  Marine x2  
  196  12:53  Marine, Viking  
  196  13:00  Command Center  
  196  13:02  Command Center  
  196  13:04  Marine  
  187  13:09  Siege Tank  
  187  13:11  Raven  
  188  13:20  Medivac  
  188  13:22  Raven  
  188  13:23  Medivac  
  194  13:28  Terran Vehicle Weapons Level 2  
  194  13:31  Marine x2  
  196  13:39  Marine  
  194  13:48  Siege Tank  
  194  13:53  Corvid Reactor  
  194  13:54  Raven  
  197  14:12  Orbital Command  
  197  14:13  Orbital Command, Siege Tank  
  197  14:17  Raven  
  197  14:19  Starport  
  197  14:20  Starport  
  197  14:22  Marine  
  199  14:29  Marine x2  
  183  14:31  Marine  
  183  14:32  Marine x6  
  183  14:37  Raven, Siege Tank  
  195  14:39  Marine  
  195  14:45  Siege Tank  
  199  14:47  Marine  
  200  15:14  Marine x2  
  200  15:16  Marine x2  
  200  15:17  Viking  
  200  15:19  Raven  
  200  15:24  Planetary Fortress  
  200  15:33  Starport Reactor  
  200  15:34  Starport Reactor  
  200  15:36  Missile Turret  
  200  15:37  Missile Turret  
  200  15:48  Command Center  
  174  15:58  Marine x2  
  174  16:00  Marine, Siege Tank  
  174  16:01  SCV x2  
  174  16:02  SCV  
  174  16:03  Marine x4  
  174  16:04  Raven, Marine, Siege Tank  
  151  16:05  Raven  
  151  16:06  Marine  
  154  16:13  Viking x4  
  154  16:14  SCV x3, Viking  
  154  16:15  SCV x2, Marine  
  154  16:16  Marine x2  
  172  16:18  Marine  
  172  16:21  Marine x4  
  172  16:22  Marine  
  172  16:23  Marine  
  178  16:27  SCV x4  
  178  16:32  SCV x2, Siege Tank  
  187  16:33  Marine x3  
  187  16:36  Marine  
  187  16:37  Siege Tank  
  187  16:39  Marine x5  
  194  16:41  Marine  
  194  16:45  SCV x3  
  199  16:51  Marine  
  200  17:02  Command Center, Missile Turret  
  200  17:05  Orbital Command  
  191  17:25  Siege Tank  
  191  17:27  Viking x2  
  198  17:30  Marine  
  198  17:35  Viking  
  198  17:36  Viking x2  
  199  17:41  Marine  
  199  17:51  Marine  
  199  17:52  Marine  
  199  17:57  Marine  
  198  17:58  Marine  
  198  18:01  Marine  
  198  18:03  Marine x3  
  197  18:11  Marine x2  
  192  18:13  Viking x4  
  196  18:22  Marine  
  196  18:25  Viking x2  
  196  18:29  SCV  
  196  18:30  SCV x3, Sensor Tower  
  198  18:42  Viking  
  198  18:56  Missile Turret  
  181  19:05  Marine  
  181  19:06  Marine  
  181  19:09  Marine x2, Siege Tank  
  188  19:16  Raven x2  
  183  19:19  Marine  
  183  19:20  Viking x2  
  183  19:21  Marine x2  
  183  19:22  Marine  
  183  19:23  Marine  
  183  19:25  Marine  
  183  19:26  SCV  
  183  19:27  SCV x5  
  183  19:28  Unknown  
  183  19:30  Marine x2  
  183  19:31  Marine, Siege Tank  
  195  19:32  Marine  
  195  19:33  Viking  
  195  19:37  Marine, Command Center  
  200  19:40  Refinery  
  200  20:03  Viking  
  200  20:12  Marine x2  
  200  20:13  Viking x2  
  200  20:14  Viking  
  199  20:16  Raven x2  
  199  20:19  Planetary Fortress  
  197  20:29  Viking  
  197  20:30  Marine x2  
  197  20:31  Marine  
  197  20:32  Siege Tank x2  
  197  20:35  Marine  
  199  20:41  Refinery  
  199  20:42  Missile Turret  
  200  20:45  Refinery  
  200  20:52  Refinery  
  200  20:57  Missile Turret  
  200  20:58  Command Center  
  185  21:05  Marine  
  185  21:06  Marine x2  
  185  21:07  Siege Tank  
  185  21:08  Marine  
  185  21:09  Marine x3  
  175  21:11  Viking  
  175  21:12  Viking x4  
  175  21:16  Marine  
  178  21:19  Marine x2, Siege Tank  
  178  21:23  Marine  
  178  21:24  Marine x2  
  150  21:26  Marine  
  150  21:28  Marine x2  
  150  21:29  Marine  
  150  21:33  Marine  
  150  21:34  Viking  
  150  21:37  Marine x2  
  150  21:38  Liberator  
  158  21:40  Marine  
  158  21:41  Raven  
  158  21:42  Marine  
  158  21:43  Marine  
  158  21:44  Marine  
  158  21:46  Marine  
  165  21:48  Marine  
  165  21:49  Marine  
  167  21:59  Marine x2  
  167  22:01  Marine  
  168  22:03  Marine x2  
  168  22:07  Marine  
  168  22:08  Marine  
  161  22:10  Marine x2  
Show
View Real Time Build Order
Export as new Build Order

DPGCure Terran - Winner!

Build Orders:  

Get SALT Encoding   

  12  0:00  SCV  
  13  0:12  SCV  
  14  0:16  Supply Depot  
  14  0:24  SCV  
  15  0:38  SCV  
  15  0:40  Barracks  
  15  0:42  Refinery  
  16  0:50  SCV  
  16  0:52  Refinery  
  17  1:02  SCV  
  18  1:14  SCV  
  19  1:26  Reaper  
  19  1:27  Orbital Command  
  19  1:29  Supply Depot  
  20  1:42  Factory  
  20  1:52  SCV  
  21  1:58  Barracks Reactor  
  21  2:04  SCV  
  22  2:16  SCV  
  23  2:23  Command Center  
  23  2:27  Hellion  
  25  2:30  SCV  
  25  2:35  Reaper x2  
  28  2:41  Supply Depot  
  28  2:42  SCV  
  29  2:49  Hellion  
  31  3:02  Starport, SCV  
  32  3:07  Reaper x2  
  32  3:11  Hellion  
  36  3:14  SCV  
  37  3:26  SCV  
  38  3:28  Refinery  
  38  3:32  Factory Tech Lab  
  38  3:35  Orbital Command  
  38  3:38  SCV  
  38  3:39  Starport Tech Lab  
  38  3:41  Marine x2  
  41  3:51  SCV, Cyclone  
  45  3:59  Supply Depot  
  45  4:03  Raven  
  45  4:09  Marine x2  
  49  4:11  SCV x2  
  49  4:23  SCV x2, Siege Tank  
  54  4:29  Marine  
  54  4:30  Marine  
  54  4:31  Supply Depot  
  56  4:35  SCV x2  
  58  4:46  Raven  
  58  4:47  Marine x2  
  58  4:51  Supply Depot  
  58  4:52  SCV x2  
  64  4:53  Supply Depot  
  64  4:57  Siege Tank  
  67  5:04  SCV x2  
  69  5:10  Marine  
  69  5:12  Marine  
  71  5:16  Command Center  
  71  5:18  SCV x2  
  73  5:23  Supply Depot  
  73  5:26  Supply Depot  
  73  5:30  SCV x2  
  73  5:32  Siege Tank  
  78  5:40  Viking x2  
  78  5:41  Marine  
  83  5:46  Refinery, SCV x2  
  85  5:56  Stimpack  
  85  5:58  SCV x2  
  85  5:59  Marine  
  86  6:05  Siege Tank  
  86  6:10  SCV x2  
  91  6:17  Marine  
  91  6:18  Viking x2  
  96  6:24  SCV x2  
  98  6:29  Orbital Command, Barracks  
  98  6:31  Barracks  
  98  6:34  Marine  
  98  6:36  SCV x2  
  97  6:41  Siege Tank  
  98  6:49  SCV  
  98  6:52  Marine  
  98  6:55  Viking x2  
  98  6:58  SCV  
  98  6:59  SCV  
  104  7:01  SCV  
  105  7:11  Engineering Bay  
  105  7:12  Engineering Bay  
  105  7:13  SCV x3  
  108  7:16  Barracks Reactor  
  108  7:18  Barracks Reactor  
  108  7:21  Marine  
  109  7:25  SCV x3  
  112  7:37  Viking x2  
  112  7:39  Supply Depot  
  112  7:40  Supply Depot  
  112  7:43  SCV x3  
  119  7:45  Refinery x2  
  119  7:55  SCV x3  
  119  7:56  Terran Infantry Armor Level 1, Terran Infantry Weapons Level 1  
  122  8:01  Marine  
  123  8:07  SCV x3, Viking x2  
  130  8:13  Sensor Tower, Supply Depot  
  130  8:15  Supply Depot  
  126  8:27  SCV x2  
  126  8:28  SCV  
  126  8:31  Marine x5  
  126  8:32  Combat Shield, Siege Tank  
  137  8:37  Viking x2  
  141  8:42  Barracks x2  
  141  8:43  SCV x3  
  143  8:48  Marine  
  143  8:51  Marine x4  
  148  8:56  Armory  
  148  8:57  Supply Depot x2  
  148  9:01  SCV x3  
  151  9:06  Marine  
  151  9:08  Marine x2  
  151  9:09  Marine x2  
  150  9:10  Medivac x2  
  150  9:13  SCV x3  
  155  9:24  Marine  
  155  9:28  Marine x4  
  155  9:29  Siege Tank  
  163  9:35  Barracks Reactor x2  
  163  9:37  Command Center, Supply Depot x2  
  163  9:42  Marine  
  164  9:45  Marine x2  
  164  9:46  Marine x2  
  153  9:53  SCV x2  
  153  9:54  SCV  
  142  10:00  Marine  
  142  10:03  Terran Infantry Weapons Level 2, Marine x4  
  142  10:05  SCV  
  142  10:06  SCV x2  
  149  10:08  Terran Infantry Armor Level 2  
  146  10:18  SCV x3, Marine  
  146  10:19  Terran Vehicle Weapons Level 1  
  150  10:26  Siege Tank  
  153  10:29  Factory  
  153  10:30  SCV x3  
  153  10:34  Barracks Reactor  
  156  10:37  Medivac x2  
  156  10:42  Missile Turret  
  160  10:44  Marine x2  
  160  10:45  Marine x6  
  168  10:54  SCV x2  
  168  10:55  SCV  
  171  11:01  Starport  
  171  11:05  Starport  
  171  11:06  SCV, Siege Tank  
  171  11:07  SCV x2  
  171  11:09  Sensor Tower  
  177  11:16  Planetary Fortress  
  177  11:19  SCV x3  
  177  11:20  Viking x2  
  184  11:27  Marine x6  
  184  11:31  SCV x3  
  189  11:35  Refinery x2  
  185  11:40  Marine x4  
  185  11:45  Marine x2  
  190  11:52  Liberator x2  
  190  11:57  Marine x4  
  190  11:58  Marine x2  
  190  12:00  SCV x3  
  195  12:10  Sensor Tower  
  195  12:15  Marine  
  196  12:19  Supply Depot  
  196  12:28  Orbital Command  
  196  12:30  Terran Infantry Weapons Level 3  
  196  12:34  Terran Infantry Armor Level 3  
  196  12:41  SCV, Terran Vehicle Weapons Level 2, Siege Tank  
  200  12:51  Starport Tech Lab x2  
  200  12:58  Refinery  
  200  13:06  SCV  
  200  13:07  SCV  
  200  13:12  Corvid Reactor  
  200  13:14  Command Center  
  200  13:18  Marine  
  200  13:19  Siege Tank  
  200  13:23  Missile Turret  
  200  13:24  Missile Turret  
  200  13:34  Command Center  
  200  13:39  Command Center  
  200  13:47  Command Center  
  199  13:56  Starport x2  
  199  14:15  Command Center  
  199  14:20  Command Center  
  187  14:31  Raven x2  
  187  14:34  Starport Tech Lab x2  
  187  14:37  Medivac  
  195  14:38  Medivac  
  195  14:43  SCV x4  
  199  15:05  Viking  
  199  15:10  Planetary Fortress  
  199  15:11  Orbital Command  
  199  15:15  Refinery  
  199  15:17  Refinery  
  189  15:23  Viking x4  
  189  15:25  Viking  
  195  15:31  Siege Tank x2  
  200  15:39  Terran Ship Weapons Level 1  
  200  15:41  Armory  
  200  15:43  Orbital Command  
  200  15:45  Orbital Command  
  178  15:58  Marine x6  
  178  16:02  Raven x3, Viking x2  
  178  16:03  Siege Tank  
  178  16:04  Siege Tank  
  187  16:05  Marine x4  
  191  16:13  Raven  
  193  16:20  Marine x6  
  199  16:39  Terran Vehicle And Ship Armor Level 1  
  199  16:40  Neosteel Armor, Hi-Sec Auto Tracking  
  199  16:46  Refinery, Command Center  
  199  16:49  Sensor Tower  
  199  17:04  Command Center  
  198  17:17  Raven  
  183  17:32  Raven x3  
  183  17:33  Viking x2  
  190  17:43  Terran Ship Weapons Level 2  
  187  17:55  Siege Tank x2  
  193  18:00  Planetary Fortress, Viking  
  189  18:14  Viking x2  
  189  18:15  Raven x2, Viking  
  193  18:30  Viking  
  193  18:33  Refinery  
  195  18:34  Refinery  
  195  18:43  Sensor Tower  
  195  18:44  Viking  
  195  18:45  Raven  
  197  18:50  Planetary Fortress  
  196  18:58  Raven x2  
  196  19:00  Raven  
  197  19:11  Marine x2  
  197  19:12  Marine x4  
  197  19:16  Marine x4  
  195  19:18  Siege Tank x2  
  195  19:19  Medivac x2  
  193  19:28  Viking  
  193  19:29  Marine x4  
  193  19:30  Marine  
  200  19:44  Command Center  
  200  19:55  Refinery, Missile Turret  
  200  19:56  Refinery, Missile Turret  
  199  20:09  Terran Vehicle And Ship Armor Level 2  
  189  20:14  Marine  
  189  20:16  Siege Tank x2  
  189  20:17  Raven x3  
  193  20:36  Marine x6  
  199  20:51  Marine  
  200  21:03  Unknown  
  196  21:17  Marine  
  196  21:18  Marine x3  
  196  21:20  Marine x4  
  196  21:21  Marine  
  196  21:22  Marine  
  188  21:27  Viking x3  
  188  21:31  Viking  
  188  21:32  Planetary Fortress  
  196  21:35  Marine x2  
  196  21:38  Viking  
Tags
 
Add a new tag
Caveats
  • Supply blocks, unpowered buildings, or Contaminate may cause inaccurate times.
  • Supply counts are checked every 10 seconds.